 Dungeon Crawl Stone Soup version 0.28-a0-1128-gb845255321 (webtiles) character file.

Game seed: 11985052514408036652

69 Essalna the Firebug (level 4, 0/30 HPs)
             Began as a Demonspawn Fire Elementalist on Dec 12, 2021.
             Slain by a rat (2 damage)
             ... on level 2 of the Dungeon.
             The game lasted 00:03:03 (2231 turns).

Essalna the Firebug (Demonspawn Fire Elementalist)  Turns: 2231, Time: 00:03:03

Health: 0/30       AC:  4    Str:  8    XL:     4   Next: 2%
Magic:  8/8        EV: 12    Int: 19    God:
Gold:   94         SH:  0    Dex: 13    Spells: 7/8 levels left

rFire   . . .      SeeInvis .   b - +0 dagger
rCold   . . .      Faith    .   (no shield)
rNeg    . . .      Spirit   .   a - +0 robe
rPois   .          Reflect  .   (helmet restricted)
rElec   .          Harm     .   (no cloak)
rCorr   .          Rampage  .   (no gloves)
Will    .....                   (no boots)
Stlth   ++........              (no amulet)
HPRegen 0.10/turn               (no ring)
MPRegen 0.11/turn               (no ring)

@: no status effects
A: horns 1, thin metallic scales 1, ignite blood 1
a: no special abilities


You were on level 2 of the Dungeon.
You visited 1 branch of the dungeon, and saw 2 of its levels.

You collected 94 gold pieces.

Inventory:

Hand Weapons
 b - a +0 dagger (weapon)
Armour
 a - a +0 robe (worn)
Jewellery
 g - a ring of flight
 h - a ring of wizardry
Scrolls
 e - a scroll of identify {unknown}
 f - a scroll of noise {unknown}
Potions
 c - 2 potions of curing {unknown}
 d - a potion of mutation {unknown}
 i - a potion of berserk rage {unknown}


   Skills:
 - Level 1.7 Dodging
 - Level 1.7 Stealth
 + Level 2.8 Spellcasting
 + Level 2.3 Conjurations
 + Level 3.3 Fire Magic


You had 7 spell levels left.
You knew the following spells:

 Your Spells              Type           Power      Damage    Failure   Level
a - Foxfire               Conj/Fire      52%        2x1d6     4%          1

Your spell library contained the following spells:

 Spells                   Type           Power      Damage    Failure   Level
 Scorch                   Fire           30%        2d6       6%          2
 Conjure Flame            Conj/Fire      13%        6-21      14%         3
 Ensorcelled Hibernation  Hex/Ice        4%         N/A       24%         2
 Inner Flame              Hex/Fire       9%         N/A       24%         3
 Tukima's Dance           Hex            2%         N/A       43%         3
 Flame Wave               Conj/Fire      13%        2d5       43%         4


Dungeon Overview and Level Annotations

Branches:
Dungeon (2/15)

Altars:


Innate Abilities, Weirdness & Mutations

You have a pair of small horns on your head.
You are partially covered in thin metallic scales. (AC +2)
Your demonic aura sometimes causes spilled blood to erupt in flames.


Message History

The rat closely misses you. The rat bites you. The rat bites you.
* * * LOW HITPOINT WARNING * * *
The rat misses you. The rat bites you.
* * * LOW HITPOINT WARNING * * *
The rat bites you.
* * * LOW HITPOINT WARNING * * *
The rat barely misses you. The rat bites you but does no damage.
The rat closely misses you. The rat misses you. The rat barely misses you.
The rat bites you.
* * * LOW HITPOINT WARNING * * *
The rat bites you but does no damage. The rat misses you.
The rat barely misses you. The rat closely misses you.
The rat closely misses you. The rat bites you but does no damage.
The rat barely misses you. The rat barely misses you.
The rat bites you but does no damage. The rat closely misses you.
The rat barely misses you. The rat closely misses you.
The rat completely misses you. The rat barely misses you.
The rat closely misses you. The rat bites you.
* * * LOW HITPOINT WARNING * * *
The rat barely misses you. The rat misses you.
The rat bites you but does no damage. The rat bites you but does no damage.
The rat closely misses you. The rat bites you.
You die...

......#.........#
#........####
......#.#####+###
#...........#
......#.#......###
########....#
##......#........
#....#
##......#.......#
######
........#.......#
##......#.......#
#......#####.#r##
#.......)......@#
#.....##.###..###
###+###..........
#.####..###.. #.
...# ## ###.. ####


You could see a rat.

Vanquished Creatures
  2 adders (D:2)
  3 dart slugs
  A ball python (D:1)
  2 bats (D:2)
  5 endoplasms
  A giant cockroach (D:1)
  4 goblins
  3 hobgoblins
  4 jackals (D:1)
  6 kobolds
  A quokka (D:1)
  4 frilled lizards
  4 rats
40 creatures vanquished.

Vanquished Creatures (others)
  165 foxfires
165 creatures vanquished.

Grand Total: 205 creatures vanquished

Notes
Turn   | Place    | Note
-------+----------+-------------------------------------------
     0 | D:1      | Essalna the Demonspawn Fire Elementalist began the quest
                  | for the Orb.
     0 | D:1      | Reached XP level 1. HP: 13/13 MP: 3/3
   229 | D:1      | Gained mutation: You are partially covered in thin metallic
                  | scales. (AC +2) [demonic ancestry]
   229 | D:1      | Reached XP level 2. HP: 14/19 MP: 1/5
   541 | D:1      | Reached skill level 3 in Fire Magic
  1044 | D:2      | Gained mutation: Your demonic aura sometimes causes spilled
                  | blood to erupt in flames. [demonic ancestry]
  1044 | D:2      | Reached XP level 3. HP: 24/24 MP: 0/6
  2022 | D:2      | Gained mutation: You have a pair of small horns on your
                  | head. [demonic ancestry]
  2022 | D:2      | Reached XP level 4. HP: 27/30 MP: 0/8
  2231 | D:2      | Slain by a rat

Illustrated notes

Levels and vault maps discovered:
D:1:      dpeg_arrival_fog, layout_rooms
D:2:      layout_basic, shapermc_ecumenical_altar_venn

Skill      XL: |  1  2 |
---------------+-------+-----
Fire Magic     | 3 |  3.3
Conjurations   | 2 |  2.3
Dodging        | |  1.7
Stealth        | |  1.7
Spellcasting   | |  2.8

Action                   |  1- 3 |  4- 6 || total
-------------------------+-------+-------++-------
Melee: Dagger            |    53 |     4 ||    57
       Unarmed           |     7 |       ||     7
 Cast: Foxfire           |    98 |     1 ||    99
Armor: Robe              |    16 |    21 ||    37
Dodge: Dodged            |    54 |    71 ||   125

Table legend: (Time is in decaauts)
 A = Elapsed time spent in this place.
 B = Non-inter-level travel time spent in this place.
 C = Inter-level travel time spent in this place.
 D = Time resting spent in this place.
 E = Time spent auto-exploring this place.
 F = Levels seen in this place.
 G = Mean time per level.
                   A        B        C        D        E       F      G
               +--------+--------+--------+--------+--------+-----+--------+
         Total |   2230 |   2203 |     27 |      0 |   1754 |   2 | 1115.0 |
       Dungeon |   2230 |   2203 |     27 |      0 |   1754 |   2 | 1115.0 |
               +--------+--------+--------+--------+--------+-----+--------+

Top non-repeatable levels by time:
     D:2: 1241 daAuts
     D:1: 988 daAuts
